Workbook
Name Fournisseurs: 'Stage 1_Overview'!$A$2:$A$40
Name Segment_FOURNISSEUR: #N/A

Sheet Stage 1_Overview
A1: FOURNISSEUR
A2: AEGE
A3: ALD AUTOMOTIVE
A4: AMT
A5: CHÂTEAU D'EAU EDEN | C5: fournisseur cible | D5: GORON
A6: CHUBB (SICLI)
A7: CHUBB
A8: CHRONOPOST | C8: Fournisseur | D8: DA | E8: Cmd | F8: Description Commande | G8: Date Livraison | H8: Total Commande | I8: SES | J8: Disponible | K8: % avancement | L8: Imputation
A9: CLASS CARDS | C9: =IF(LEN(D9)>0,$D$5,"") -> GORON | D9: {=IFERROR(INDEX(DA!C:C,SMALL(IF(DA!J:J=$D$5,ROW(DA!J:J),1000),COUNTA($D$8:D8))),"")} -> 11529470 | E9: {=IFERROR(INDEX(DA!H:H,SMALL(IF(DA!C:C='Stage 1_Overview'!D9,ROW(DA!C:C),1000),COUNTA($E$8:E8))),"")} -> 11481507 | F9: =IFERROR(INDEX(DA!I:I,MATCH('Stage 1_Overview'!E9,DA!H:H,0)),"") -> RESPONSABLE SECURITE GESE | G9: =IFERROR(IF(INDEX(DA!M:M,MATCH('Stage 1_Overview'!E9,DA!H:H,0))<2000,"",INDEX(DA!M:M,MATCH('Stage 1_Overview'!E9,DA!H:H,0))),"") -> 30/06/2020 | H9: =IFERROR(INDEX(DA!K:K,MATCH('Stage 1_Overview'!E9,DA!H:H,0)),"") -> 20000 | I9: =IF(E9="","",(SUMPRODUCT((SES!$C$2:$C$7000=E9)*(SES!$D$2:$D$7000)))) -> 0 | J9: =IFERROR(I9-H9,"") -> -20000 | K9: =IFERROR(I9/H9,"") -> 0 | L9: =IFERROR(INDEX(DA!O:O,MATCH('Stage 1_Overview'!E9,DA!H:H,0)),"") -> F60031
A10: COMPASS GROUP France (Eurest) | C10: =IF(LEN(D10)>0,$D$5,"") -> GORON | D10: {=IFERROR(INDEX(DA!C:C,SMALL(IF(DA!J:J=$D$5,ROW(DA!J:J),1000),COUNTA($D$8:D9))),"")} -> 11366334 | E10: {=IFERROR(INDEX(DA!H:H,SMALL(IF(DA!C:C='Stage 1_Overview'!D10,ROW(DA!C:C),1000),COUNTA('Stage 1_Overview'!$E$8:E9))),"")} -> 1227656 | F10: =IFERROR(INDEX(DA!I:I,MATCH('Stage 1_Overview'!E10,DA!H:H,0)),"") -> RENFORT DU 21.05.2018 - SYNERGIES | G10: =IFERROR(IF(INDEX(DA!M:M,MATCH('Stage 1_Overview'!E10,DA!H:H,0))<2000,"",INDEX(DA!M:M,MATCH('Stage 1_Overview'!E10,DA!H:H,0))),"") -> 21/05/2018 | H10: =IFERROR(INDEX(DA!K:K,MATCH('Stage 1_Overview'!E10,DA!H:H,0)),"") -> 2526.58 | I10: =IF(E10="","",(SUMPRODUCT((SES!$C$2:$C$7000=E10)*(SES!$D$2:$D$7000)))) -> 2526.59 | J10: =IFERROR(I10-H10,"") -> 0.01 | K10: =IFERROR(I10/H10,"") -> 1.000004 | L10: =IFERROR(INDEX(DA!O:O,MATCH('Stage 1_Overview'!E10,DA!H:H,0)),"") -> F60064
A11: DAUPHIN | C11: =IF(LEN(D11)>0,$D$5,"") -> GORON | D11: {=IFERROR(INDEX(DA!C:C,SMALL(IF(DA!J:J=$D$5,ROW(DA!J:J),1000),COUNTA($D$8:D10))),"")} -> 11366334 | E11: {=IFERROR(INDEX(DA!H:H,SMALL(IF(DA!C:C='Stage 1_Overview'!D11,ROW(DA!C:C),1000),COUNTA('Stage 1_Overview'!$E$8:E10))),"")} -> 5000032770 | F11: =IFERROR(INDEX(DA!I:I,MATCH('Stage 1_Overview'!E11,DA!H:H,0)),"") -> CONTRAT SECURITE ET SURETE | G11: =IFERROR(IF(INDEX(DA!M:M,MATCH('Stage 1_Overview'!E11,DA!H:H,0))<2000,"",INDEX(DA!M:M,MATCH('Stage 1_Overview'!E11,DA!H:H,0))),"") -> 30/06/2020 | H11: =IFERROR(INDEX(DA!K:K,MATCH('Stage 1_Overview'!E11,DA!H:H,0)),"") -> 3500000 | I11: =IF(E11="","",(SUMPRODUCT((SES!$C$2:$C$7000=E11)*(SES!$D$2:$D$7000)))) -> 0 | J11: =IFERROR(I11-H11,"") -> -3500000 | K11: =IFERROR(I11/H11,"") -> 0 | L11: =IFERROR(INDEX(DA!O:O,MATCH('Stage 1_Overview'!E11,DA!H:H,0)),"") -> Multi imputation
A12: DELTA SECURITY | C12: =IF(LEN(D12)>0,$D$5,"") -> GORON | D12: {=IFERROR(INDEX(DA!C:C,SMALL(IF(DA!J:J=$D$5,ROW(DA!J:J),1000),COUNTA($D$8:D11))),"")} -> 11366334 | E12: {=IFERROR(INDEX(DA!H:H,SMALL(IF(DA!C:C='Stage 1_Overview'!D12,ROW(DA!C:C),1000),COUNTA('Stage 1_Overview'!$E$8:E11))),"")} -> 0 | F12: =IFERROR(INDEX(DA!I:I,MATCH('Stage 1_Overview'!E12,DA!H:H,0)),"") | G12: =IFERROR(IF(INDEX(DA!M:M,MATCH('Stage 1_Overview'!E12,DA!H:H,0))<2000,"",INDEX(DA!M:M,MATCH('Stage 1_Overview'!E12,DA!H:H,0))),"") | H12: =IFERROR(INDEX(DA!K:K,MATCH('Stage 1_Overview'!E12,DA!H:H,0)),"") | I12: =IF(E12="","",(SUMPRODUCT((SES!$C$2:$C$7000=E12)*(SES!$D$2:$D$7000)))) -> 20772.03 | J12: =IFERROR(I12-H12,"") | K12: =IFERROR(I12/H12,"") | L12: =IFERROR(INDEX(DA!O:O,MATCH('Stage 1_Overview'!E12,DA!H:H,0)),"")
A13: DHL | C13: =IF(LEN(D13)>0,$D$5,"") -> GORON | D13: {=IFERROR(INDEX(DA!C:C,SMALL(IF(DA!J:J=$D$5,ROW(DA!J:J),1000),COUNTA($D$8:D12))),"")} -> 0 | E13: {=IFERROR(INDEX(DA!H:H,SMALL(IF(DA!C:C='Stage 1_Overview'!D13,ROW(DA!C:C),1000),COUNTA('Stage 1_Overview'!$E$8:E12))),"")} -> 0 | F13: =IFERROR(INDEX(DA!I:I,MATCH('Stage 1_Overview'!E13,DA!H:H,0)),"") | G13: =IFERROR(IF(INDEX(DA!M:M,MATCH('Stage 1_Overview'!E13,DA!H:H,0))<2000,"",INDEX(DA!M:M,MATCH('Stage 1_Overview'!E13,DA!H:H,0))),"") | H13: =IFERROR(INDEX(DA!K:K,MATCH('Stage 1_Overview'!E13,DA!H:H,0)),"") | I13: =IF(E13="","",(SUMPRODUCT((SES!$C$2:$C$7000=E13)*(SES!$D$2:$D$7000)))) -> 20772.03 | J13: =IFERROR(I13-H13,"") | K13: =IFERROR(I13/H13,"") | L13: =IFERROR(INDEX(DA!O:O,MATCH('Stage 1_Overview'!E13,DA!H:H,0)),"")
A14: EASYLIFE TANDEM | C14: =IF(LEN(D14)>0,$D$5,"") -> GORON | D14: {=IFERROR(INDEX(DA!C:C,SMALL(IF(DA!J:J=$D$5,ROW(DA!J:J),1000),COUNTA($D$8:D13))),"")} -> 0 | E14: {=IFERROR(INDEX(DA!H:H,SMALL(IF(DA!C:C='Stage 1_Overview'!D14,ROW(DA!C:C),1000),COUNTA('Stage 1_Overview'!$E$8:E13))),"")} -> 0 | F14: =IFERROR(INDEX(DA!I:I,MATCH('Stage 1_Overview'!E14,DA!H:H,0)),"") | G14: =IFERROR(IF(INDEX(DA!M:M,MATCH('Stage 1_Overview'!E14,DA!H:H,0))<2000,"",INDEX(DA!M:M,MATCH('Stage 1_Overview'!E14,DA!H:H,0))),"") | H14: =IFERROR(INDEX(DA!K:K,MATCH('Stage 1_Overview'!E14,DA!H:H,0)),"") | I14: =IF(E14="","",(SUMPRODUCT((SES!$C$2:$C$7000=E14)*(SES!$D$2:$D$7000)))) -> 20772.03 | J14: =IFERROR(I14-H14,"") | K14: =IFERROR(I14/H14,"") | L14: =IFERROR(INDEX(DA!O:O,MATCH('Stage 1_Overview'!E14,DA!H:H,0)),"")
A15: EDF | C15: =IF(LEN(D15)>0,$D$5,"") -> GORON | D15: {=IFERROR(INDEX(DA!C:C,SMALL(IF(DA!J:J=$D$5,ROW(DA!J:J),1000),COUNTA($D$8:D14))),"")} -> 0 | E15: {=IFERROR(INDEX(DA!H:H,SMALL(IF(DA!C:C='Stage 1_Overview'!D15,ROW(DA!C:C),1000),COUNTA('Stage 1_Overview'!$E$8:E14))),"")} -> 0 | F15: =IFERROR(INDEX(DA!I:I,MATCH('Stage 1_Overview'!E15,DA!H:H,0)),"") | G15: =IFERROR(IF(INDEX(DA!M:M,MATCH('Stage 1_Overview'!E15,DA!H:H,0))<2000,"",INDEX(DA!M:M,MATCH('Stage 1_Overview'!E15,DA!H:H,0))),"") | H15: =IFERROR(INDEX(DA!K:K,MATCH('Stage 1_Overview'!E15,DA!H:H,0)),"") | I15: =IF(E15="","",(SUMPRODUCT((SES!$C$2:$C$7000=E15)*(SES!$D$2:$D$7000)))) -> 20772.03 | J15: =IFERROR(I15-H15,"") | K15: =IFERROR(I15/H15,"") | L15: =IFERROR(INDEX(DA!O:O,MATCH('Stage 1_Overview'!E15,DA!H:H,0)),"")
A16: EUROCOPIE | C16: =IF(LEN(D16)>0,$D$5,"") -> GORON | D16: {=IFERROR(INDEX(DA!C:C,SMALL(IF(DA!J:J=$D$5,ROW(DA!J:J),1000),COUNTA($D$8:D15))),"")} -> 0 | E16: {=IFERROR(INDEX(DA!H:H,SMALL(IF(DA!C:C='Stage 1_Overview'!D16,ROW(DA!C:C),1000),COUNTA('Stage 1_Overview'!$E$8:E15))),"")} -> 0 | F16: =IFERROR(INDEX(DA!I:I,MATCH('Stage 1_Overview'!E16,DA!H:H,0)),"") | G16: =IFERROR(IF(INDEX(DA!M:M,MATCH('Stage 1_Overview'!E16,DA!H:H,0))<2000,"",INDEX(DA!M:M,MATCH('Stage 1_Overview'!E16,DA!H:H,0))),"") | H16: =IFERROR(INDEX(DA!K:K,MATCH('Stage 1_Overview'!E16,DA!H:H,0)),"") | I16: =IF(E16="","",(SUMPRODUCT((SES!$C$2:$C$7000=E16)*(SES!$D$2:$D$7000)))) -> 20772.03 | J16: =IFERROR(I16-H16,"") | K16: =IFERROR(I16/H16,"") | L16: =IFERROR(INDEX(DA!O:O,MATCH('Stage 1_Overview'!E16,DA!H:H,0)),"")
A17: GESTIVERT ENVIRONNEMENT | C17: =IF(LEN(D17)>0,$D$5,"") -> GORON | D17: {=IFERROR(INDEX(DA!C:C,SMALL(IF(DA!J:J=$D$5,ROW(DA!J:J),1000),COUNTA($D$8:D16))),"")} -> 0 | E17: {=IFERROR(INDEX(DA!H:H,SMALL(IF(DA!C:C='Stage 1_Overview'!D17,ROW(DA!C:C),1000),COUNTA('Stage 1_Overview'!$E$8:E16))),"")} -> 0 | F17: =IFERROR(INDEX(DA!I:I,MATCH('Stage 1_Overview'!E17,DA!H:H,0)),"") | G17: =IFERROR(IF(INDEX(DA!M:M,MATCH('Stage 1_Overview'!E17,DA!H:H,0))<2000,"",INDEX(DA!M:M,MATCH('Stage 1_Overview'!E17,DA!H:H,0))),"") | H17: =IFERROR(INDEX(DA!K:K,MATCH('Stage 1_Overview'!E17,DA!H:H,0)),"") | I17: =IF(E17="","",(SUMPRODUCT((SES!$C$2:$C$7000=E17)*(SES!$D$2:$D$7000)))) -> 20772.03 | J17: =IFERROR(I17-H17,"") | K17: =IFERROR(I17/H17,"") | L17: =IFERROR(INDEX(DA!O:O,MATCH('Stage 1_Overview'!E17,DA!H:H,0)),"")
A18: GORON | C18: =IF(LEN(D18)>0,$D$5,"") -> GORON | D18: {=IFERROR(INDEX(DA!C:C,SMALL(IF(DA!J:J=$D$5,ROW(DA!J:J),1000),COUNTA($D$8:D17))),"")} -> 0 | E18: {=IFERROR(INDEX(DA!H:H,SMALL(IF(DA!C:C='Stage 1_Overview'!D18,ROW(DA!C:C),1000),COUNTA('Stage 1_Overview'!$E$8:E17))),"")} -> 0 | F18: =IFERROR(INDEX(DA!I:I,MATCH('Stage 1_Overview'!E18,DA!H:H,0)),"") | G18: =IFERROR(IF(INDEX(DA!M:M,MATCH('Stage 1_Overview'!E18,DA!H:H,0))<2000,"",INDEX(DA!M:M,MATCH('Stage 1_Overview'!E18,DA!H:H,0))),"") | H18: =IFERROR(INDEX(DA!K:K,MATCH('Stage 1_Overview'!E18,DA!H:H,0)),"") | I18: =IF(E18="","",(SUMPRODUCT((SES!$C$2:$C$7000=E18)*(SES!$D$2:$D$7000)))) -> 20772.03 | J18: =IFERROR(I18-H18,"") | K18: =IFERROR(I18/H18,"") | L18: =IFERROR(INDEX(DA!O:O,MATCH('Stage 1_Overview'!E18,DA!H:H,0)),"")
A19: INTERSPHERES | H19: =SUM(H9:H18) -> 3522526.6 | I19: =SUM(I9:I18) -> 147930.8 | J19: =SUM(J9:J18) -> -3520000 | K19: =IFERROR(I19/H19,"") -> 0.041995652
A20: MAIL FINANCE
A21: MARTIN FRERES | F21: INDEX | G21: Coordonné à l'intersection ligne/colonne
A22: NEOPOST | F22: PETITE.VALEUR | G22: Donne la plus petite valeur d'une série
A23: NOVEA | F23: LIGNE | G23: Donne le numéro de ligne
A24: OFFICE DEPOT BS | F24: SI | G24: Vérifie une condition
A25: PHONE REGIE | F25: NBVAL | G25: détermine le nombre de cellules d'une plage non vide
A26: PITNEY BOWES
A27: PORTAFEU
A28: RREEF Investment Gmbh
A29: SAMSIC
A30: SOCOTEC
A31: SODEXO
A32: TIMYX
A33: VIDELIO

Sheet Feuil1
A3: FOURNISSEUR | B3: N° DA | C3: Somme de MONTANT H.T. DE LA COMMANDE
A4: CHRONOPOST | B4: 10975082 | C4: 250000
B5: 11481505 | C5: 270000
A6: Total CHRONOPOST | C6: 520000
A7: Total général | C7: 520000

Sheet DA
A1: Colonne1 | B1: Colonne2 | C1: N° DA | D1: Colonne3 | E1: Colonne4 | F1: Colonne5 | G1: Colonne6 | H1: N° CDE | I1: INTITULE | J1: FOURNISSEUR | K1: MONTANT H.T. DE LA COMMANDE | L1: DATE DE DEBUT | M1: DATE DE FIN ou de LIVRAISON | N1: Colonne7 | O1: Imputation | P1: Colonne8 | Q1: Colonne9 | R1: Colonne10
C2: 11498497 | H2: 1212884 | I2: TRAVAUX DE PEINTURE ENE | J2: AEGE | K2: 300000 | L2: 43174 | M2: 26/03/2018 | O2: F610031
C3: 11017336 | H3: 5000021932 | I3: Location Longue Durée Véhicules de Sté | J3: ALD AUTOMOTIVE | K3: 10100000 | L3: 41456 | M3: 30/06/2018 | O3: f60036
C4: 11477026 | H4: 5000034743 | I4: PRESTATIONS DE DEMENAGEMENTS | J4: AMT | K4: 300000 | L4: 43132 | M4: 31/01/2018
C5: 10927091 | H5: 5000019243 | I5: Location de fontaines à eau reseau | J5: CHÂTEAU D'EAU EDEN | K5: 200000 | L5: 41306 | M5: 31/01/2018 | O5: F82260
C6: 11472925 | H6: 5000034685 | I6: ao Location de fontaines à eau reseau | J6: CHÂTEAU D'EAU EDEN | K6: 100000 | L6: 43132 | M6: 31/01/2023 | O6: F82260
C7: 11414544 | H7: 1154615 | I7: Maintenance des extincteurs & Pièces détachées ENERGIES | J7: CHUBB (SICLI) | K7: 23100 | L7: 42736 | M7: 31/12/2020 | O7: F60031
C8: 11414553 | H8: 1158079 | I8: Maintenance des extincteurs, Pièces détachées & Remplacement SYNERGIES | J8: CHUBB (SICLI) | K8: 12500 | L8: 42736 | M8: 31/12/2020 | O8: F60064
C9: 11496686 | H9: 1212383 | I9: RENOVATION SYSTÈME SECURITE INCENDIE | J9: CHUBB (SICLI) | K9: 88817.08 | L9: 43164 | M9: 43163 | O9: I01171
C10: 11329079 | H10: 5000030590 | I10: AO Maintenance, visite de vérification et d'entretien du système de Sécurité incendie du Bâtiment ENERGIES | J10: CHUBB | K10: 166000 | L10: 42461 | M10: 31/03/2020 | O10: F60031
C11: 11329076 | H11: 5000030589 | I11: AO Maintenance, visite de vérification et d'entretien du système de Sécurité incendie du Bâtiment SYNERGIES | J11: CHUBB | K11: 88000 | L11: 42461 | M11: 31/03/2020 | O11: F60064
C12: 10975082 | H12: 5000019758 | I12: Courrier express national | J12: CHRONOPOST | K12: 250000 | L12: 41334 | M12: 28/02/2018 | O12: F82260
C13: 11481505 | H13: 1217712 | I13: Courrier express national | J13: CHRONOPOST | K13: 270000 | L13: 43160 | M13: 31/12/2022 | O13: F82260
C14: 11503508 | H14: 1212670 | I14: Badges bleus et badges jaunes avec cadre photo | J14: CLASS CARDS | K14: 5300 | L14: 43154 | M14: 43193 | O14: F60031
C15: 11483468 | H15: 1200197 | I15: Contrôle d'accès | J15: CLASS CARDS | K15: 20000 | L15: 43101 | M15: 43465 | O15: F60031
C16: 11431624 | H16: 1165998 | I16: Badges jaunes sans cadre photo | J16: CLASS CARDS | K16: 3180 | L16: 42815 | O16: F60031
C17: 11372790 | H17: 5000033411 | I17: AO contrat Restauration | J17: COMPASS GROUP France (Eurest) | K17: 3705000 | L17: 42917 | M17: 30/06/2020 | O17: F60031
C18: 11500072 | H18: 1213239 | I18: Dossiers et enjoliveurs EDDY pour chaise Dauphin | J18: DAUPHIN | K18: 798.4 | L18: 43160 | M18: 43199 | O18: F600031
C19: 11427071 | H19: 1165805 | I19: Maintenance Contrôle d'Accès & Main d'œuvre/Déplacement | J19: DELTA SECURITY | K19: 11000 | L19: 42828 | M19: 43189 | O19: F60031
C20: 11513396 | H20: 1219644 | I20: Maintenance Contrôle d'Accès & Main d'œuvre/Déplacement | J20: DELTA SECURITY | K20: 11486 | L20: 01.04.2018 | M20: 31/03/2019 | O20: F60031
C21: 11503505 | H21: 1213791 | I21: Imprimante Datacard pour badges | J21: DELTA SECURITY | K21: 3142.2 | L21: 43164 | M21: 43196 | O21: F60031
C22: 11427073 | H22: 1165812 | I22: Maintenance Contrôle d'Accès & Main d'œuvre/Déplacement | J22: DELTA SECURITY | K22: 7500 | L22: 42828 | M22: 43189 | O22: F60064
C23: 11513363 | H23: 1219650 | I23: Maintenance Contrôle d'Accès & Main d'œuvre/Déplacement | J23: DELTA SECURITY | K23: 7717.75 | L23: 43191 | M23: 43555 | O23: F60064
C24: 11530605 | H24: 1231194 | I24: Remplacement du poste CH400 | J24: DELTA SECURITY | K24: 993 | L24: 15.07.2018 | M24: 18/07/2018 | O24: F60031
C25: 10920632 | H25: 5000018880 | I25: Contrat Courrier International | J25: DHL | K25: 1800000 | L25: 41275 | M25: 31/03/2018 | O25: F82260
C26: 11469377 | H26: 5000035105 | I26: AO COURRIER INTERNATIONAL | J26: DHL | K26: 1500000 | L26: 43101 | M26: 31/12/2022
C27: 10913030 | H27: 807603 | I27: Conciergerie d'Entreprise | J27: EASYLIFE TANDEM | K27: 526624 | L27: 41365 | M27: 31/03/2020 | O27: F60031
C28: 11228876 | I28: AO FOURNITURE D'ELECTRICITE | J28: EDF | K28: 1 | L28: 42371 | M28: 31/01/2019 | O28: Multi imputation
C29: 11222869 | H29: 5000026787 | I29: CARTES DE VISITE | J29: EUROCOPIE | K29: 17000 | L29: 42005 | M29: 31/12/2018 | O29: Multi imputation
C30: 11372648 | H30: 5000032951 | I30: CONTRAT ENTRETIEN DES ESPACES VERTS | J30: GESTIVERT ENVIRONNEMENT | K30: 113600 | L30: 42826 | M30: 30/06/2020 | O30: Multi imputation
C31: 11529470 | H31: 11481507 | I31: RESPONSABLE SECURITE GESE | J31: GORON | K31: 20000 | L31: 43313 | M31: 30/06/2020 | O31: F60031
C32: 11366334 | H32: 1227723 | I32: RENFORT DU 21.05.2018 - ENERGIE | J32: GORON | K32: 2191.81 | L32: 43241 | M32: 21/05/2018 | O32: F60031
C33: 11366334 | H33: 1227656 | I33: RENFORT DU 21.05.2018 - SYNERGIES | J33: GORON | K33: 2526.58 | L33: 43241 | M33: 21/05/2018 | O33: F60064
C34: 11366334 | H34: 5000032770 | I34: CONTRAT SECURITE ET SURETE | J34: GORON | K34: 3500000 | L34: 42826 | M34: 30/06/2020 | O34: Multi imputation
C35: 11498496 | H35: 1209787 | I35: INTERVENTION EN REGIE D4INTERSPHERES POUR 4 ATELIERS TATA | J35: INTERSPHERES | K35: 3960 | L35: 43143 | M35: 28/02/2018 | O35: F60031
C36: 11417869 | H36: 1163075 | I36: Maintenance vidéo surveillance ENERGIES | J36: JARRE SECURITE | K36: 4000 | L36: 42736 | M36: 31/12/2020 | O36: F60031
C37: 11417872 | H37: 1163080 | I37: Maintenance vidéo surveillance SYNERGIES | J37: JARRE SECURITE | K37: 4000 | L37: 42736 | M37: 31/12/2020 | O37: F60064
C38: 11377211 | H38: 1149617 | I38: Fourn./Pose panneau signalétique extérieur Energies (2 demi-caisson) | J38: JC DECAUX | K38: 7875 | L38: 42581 | M38: 29/07/2019 | O38: F60031
C39: 11377221 | H39: 1133352 | I39: Fourn./Pose panneau signalétique extérieur Synergies (1 demi-caisson) | J39: JC DECAUX | K39: 3937.5 | L39: 42581 | M39: 29/07/2019 | O39: F60064
C40: 11454883 | H40: 1194732 | I40: Maintenance ascenseurs Synergies | J40: KONE.SA | K40: 190000 | L40: 01.01.2017 | M40: 31/12/2021 | O40: F60064
C41: 11454829 | H41: 1181910 | I41: Maintenance ascenseurs Energies | J41: KONE.SA | K41: 495000 | L41: 01.01.2017 | M41: 31/12/2021 | O41: F60031
C42: 10758167 | H42: 617562 | I42: Location de bennes | J42: LA CORBEILLE BLEUE | K42: 25000 | L42: 40696 | M42: 31/12/2020 | O42: F60031
C43: 11144638 | H43: 973857 | I43: Traitement des dechets ENERGIES | J43: LA CORBEILLE BLEUE | K43: 80000 | L43: 01.10.2014 | M43: 30/09/2019 | O43: F60031
C44: 11144641 | H44: 982576 | I44: Traitement des dechets SYNERGIES | J44: LA CORBEILLE BLEUE | K44: 40000 | L44: 01.10.2014 | M44: 30/09/2019 | O44: F60064
C45: 11220263 | H45: 1008757 | I45: Remise et collecte du courrier | J45: LA POSTE | K45: 12500 | L45: 42005 | M45: 31/12/2020 | O45: Multi imputation
C46: 11468489 | H46: 1202640 | I46: GESTION DES RECOMMANDES | J46: LA POSTE / MAILEVA | K46: 15000 | L46: 01.09.2017 | M46: 31/12/2018 | O46: F60031
C47: 11249764 | H47: 1036685 | I47: Affranchissement | J47: LA POSTE | K47: 237000 | L47: 42036 | M47: 28/02/2020 | O47: Multi imputation
C48: 11356847 | H48: 5000031973 | I48: Contrat de location du logiciel MAS | J48: MAIL FINANCE | K48: 12635 | L48: 01/09/2015 01/02/2016 | M48: 31/01/2021 | O48: F60031
C49: 11500253 | H49: 1216146 | I49: GILETS DE SIGNALISATION | J49: MARTIN FRERES | K49: 510 | L49: 30.03.2018 | M49: 30/03/2018 | O49: F60031
C50: 11356801 | H50: 5000031992 | I50: Machine à affranchir | J50: NEOPOST | K50: 18000 | L50: 42370 | M50: 31/12/2020 | O50: F60031
C51: 10764706 | H51: 664527 | I51: Contrat Prestation coursier | J51: NOVEA | K51: 50000 | L51: 40909 | M51: 31/12/2019 | O51: Multi imputation
C52: 11325377 | H52: 5000030561 | I52: AO Fournitures de bureau | J52: OFFICE DEPOT BS | K52: 450000 | L52: 42461 | M52: 31/01/2019 | O52: F60031
C53: 11366077 | H53: 5000032747 | I53: CONTRAT MULTISERVICES | J53: PHONE REGIE | K53: 1190000 | L53: 42826 | M53: 30/06/2020 | O53: Multi imputation
C54: 11453576 | H54: 1180556 | I54: Location entretien d'une machine à affranchir | J54: PITNEY BOWES | K54: 20050 | L54: 42948 | M54: 31/07/2022 | O54: F60031
C55: 11417794 | H55: 1157324 | I55: Vérification & maintenance des portes coupe-feu | J55: PORTAFEU | K55: 23000 | L55: 42736 | M55: 31/12/2020 | O55: F60031
C56: 11417795 | H56: 1157275 | I56: Vérification & maintenance des portes coupe-feu | J56: PORTAFEU | K56: 15000 | L56: 42736 | M56: 31/12/2020 | O56: F60064
C57: 11198629 | H57: 5000026276 | I57: Loyers/Charges/Taxes | J57: RREEF Investment Gmbh | K57: 71 068 776,00 | L57: 41852 | M57: 30/06/2023 | O57: F60031
C58: 11372964 | H58: 5000032613 | I58: CONTRAT DE PRESTATION DE NETTOYAGE | J58: SAMSIC | K58: 1826682 | L58: 42826 | M58: 30/06/2020 | O58: Multi imputation
C59: 11482173 | H59: 1199866 | I59: TRAVAUX D'ENTRETIEN DE FIN D'ANNEE | J59: SAMSIC | K59: 21995 | L59: 43092 | M59: 43160 | O59: F60031
C60: 11527232 | H60: 1228681 | I60: TRAVAUX DE NETTOYAGE ET DECAPAGE | J60: SAMSIC | K60: 803.2 | L60: 43276 | M60: 27/06/2018 | O60: F60031
C61: 11468801 | H61: 1196012 | I61: CONTRÔLE REGLEMENTAIRE | J61: SOCOTEC | K61: 90765 | L61: 43101 | M61: 31/12/2022 | O61: F82260
C62: 11372788 | H62: 5000033074 | I62: CONTRAT APERTURE / MOUVEMENTS / TRANSFERTS | J62: SODEXO | K62: 838500 | L62: 42826 | M62: 30/06/2020 | O62: Multi imputation
C63: 11373107 | H63: 5000033042 | I63: CONTRAT DE MAINTENANCE MULTITECHNIQUE | J63: SODEXO | K63: 2976000 | L63: 42826 | M63: 30/06/2020 | O63: Multi imputation
C64: 11513114 | H64: 1223851 | I64: RESPONSABLE DES OPERATION GESE | J64: SODEXO | K64: 191200 | L64: 03.04.2018 | M64: 30/06/2020 | O64: F60031
C65: 11518411 | I65: Remplacement compresseur circuit A GF4 | J65: SODEXO | O65: I01171
C66: 11222873 | H66: 5000026922 | I66: Tampons encreurs | J66: TIMYX | K66: 6000 | L66: 42005 | M66: 31/12/2020 | O66: Multi imputation
C67: 11507647 | H67: 1218603 | I67: Changement vidéos projecteurs ENERGIES | J67: VIDELIO | K67: 74096.07 | L67: 43208 | M67: 18/04/2018 | O67: I01171
C68: 11468803 | H68: 1195396 | I68: MAINTENANCE AUDIOVISUELLE MULTISITES | J68: VIDELIO | K68: 50000 | L68: 43101 | M68: 31/12/2022
C69: 11481507 | I69: Location Longue durée véhicules automobiles et Prestations de services associés | L69: 43382 | M69: 45207 | O69: F60036
C70: 11543223 | I70: PORTE MANTEAUX SUR PIEDS | L70: 05.10.2018 | M70: 43230 | O70: F60031
C71: 11543374 | I71: FOURNITURE/POSE PORTE FEU COULISSANTE | L71: 05.10.2018 | M71: 43230 | O71: I01171
C72: 11544859 | I72: MATERIEL VIDEO PROJECTEUR | L72: 10.08.2018 | M72: 43381 | O72: F60031
C73: 11544936 | I73: Remplacement sauteuse RIE ENERGIES | L73: 24.12.2018 | M73: 28/12/2018 | O73: I01171

Sheet SES
A1: SOCIETE | B1: N° FACTURE | C1: COMMANDE | D1: MONTANT HT
A2: AEGE CONCEPT | B2: F141102505 | C2: 995101 | D2: 49000
A3: AEGE CONCEPT | B3: F141102558 | C3: 995101 | D3: 98000
A4: AEGE CONCEPT | B4: F141202670 | C4: 995101 | D4: 98000
A5: AEGE CONCEPT | B5: F151000674 | C5: 1076850 | D5: 65000
A6: AEGE CONCEPT | B6: F160401106 | C6: 1115928 | D6: 65000
A7: AEGE CONCEPT | B7: F18000120 | C7: 1212884 | D7: 90000
A8: AEGE CONCEPT | B8: F18000212 | C8: 1212884 | D8: 210000
A9: AMT | B9: 21608 | C9: 30821592 | D9: 1340
A10: AMT | B10: 22198 | C10: 30842029 | D10: 26003
A11: AMT | B11: 23205 | C11: 982111 | D11: 2025
A12: AMT | B12: 33730 | C12: 31172607 | D12: 1250
A13: AMT | B13: 34951 | C13: 31200312 | D13: 8660
A14: BD COM INGENIERIE | B14: FA140908 | C14: 975627 | D14: 15880
A15: BD COM INGENIERIE | B15: FA141009 | C15: 982964 | D15: 5410
A16: BD COM INGENIERIE | B16: FA141106 | C16: 988941 | D16: 5410
A17: BD COM INGENIERIE | B17: FA141123 | C17: 985372 | D17: 4155.11
A18: BNP PARIBAS | B18: 0012513-14000003 | C18: 30780513 | D18: 131654
A19: BNP PARIBAS | B19: 0012513-14000004 | C19: 30780513 | D19: 879548.39
A20: BNP PARIBAS | B20: 0012513-14000006 | C20: 30780513 | D20: 1239.17
A21: BNP PARIBAS | B21: 0012513-14000007 | C21: 30780513 | D21: 880722.39
A22: BNP PARIBAS | B22: 0012513-14000009 | C22: 30780513 | D22: 23155.05
A23: BNP PARIBAS | B23: 0012513-14000010 | C23: 30780513 | D23: -8054.4
A24: BNP PARIBAS | B24: 0012513-14000011 | C24: 30780513 | D24: 880722.39
A25: BNP PARIBAS | B25: 0012513-14000013 | C25: 3078513 | D25: 300383
... A58: BNP PARIBAS | B58: 0012513-18000005 | C58: 31166037 | D58: 15305
A59: BOUYGUES ENERGIES SERVICES | B59: 1285045157 | C59: 942577 | D59: 8972.68
A60: BOUYGUES ENERGIES SERVICES | B60: 1285047188 | C60: 942562 | D60: 8557.89
A61: CANON | B61: 4085783 | C61: 793173 | D61: 345.24
A62: CANON | B62: 4097145 | C62: 793173 | D62: 552.3
A63: CANON | B63: 4102424 | C63: 793173 | D63: 552.3
A64: CANON | B64: 4118439 | C64: 793173 | D64: 578
A65: CANON | B65: 4132620 | C65: 793173 | D65: 578
A66: CANON | B66: 4143127 | C66: 793173 | D66: 578
A67: CANON | B67: 4154324 | C67: 793173 | D67: 578
A68: CANON | B68: 4159306 | D68: 578
A69: CANON | B69: 4167691 | C69: 793173 | D69: 345.24
A70: CANON | B70: 4173852 | C70: 793173 | D70: 578
A71: CANON | B71: 4180076 | C71: 793173 | D71: 578
A72: CANON | B72: 4200467 | C72: 793173 | D72: 578
A73: CANON | B73: 4200468 | C73: 793173 | D73: 990
A74: CANON | B74: 4212043 | C74: 793173 | D74: 578
A75: CANON | B75: 4216907 | C75: 793173 | D75: 578
A76: CANON | B76: 4245778 | C76: 793173 | D76: 1208.6
A77: CANON | B77: 4266714 | C77: 793173 | D77: 604.3
A78: CANON | B78: 4285079 | C78: 793173 | D78: 604.3
A79: CANON | B79: 4298157 | C79: 793173 | D79: 604.3
A80: CANON | B80: 4306096 | C80: 793173 | D80: 604.3
... A85: CANON | B85: 4372859 | C85: 793173 | D85: 604.3
A86: CBRE | B86: 58BR2-14-000936 | C86: 975629 | D86: 43873.8
A87: CBRE | B87: 58BR2-14-001195 | C87: 975629 | D87: 43873.8
A88: CHÂTEAU D'EAU | B88: 31/02964664 | C88: 30692010 | D88: 1811.2
A89: CHÂTEAU D'EAU | B89: 31/02967097 | C89: 30691991 | D89: 533.8
A90: CHÂTEAU D'EAU | B90: 31/02993927 | C90: 30692010 | D90: 442
A91: CHÂTEAU D'EAU | B91: 31/02993928 | C91: 30691991 | D91: 533.8
A92: CHÂTEAU D'EAU | B92: 31/03024208 | C92: 30811881 | D92: 442
A93: CHÂTEAU D'EAU | B93: 31/03025883 | C93: 30811895 | D93: 533.8
A94: CHÂTEAU D'EAU | B94: 31/03046403 | C94: 30811881 | D94: 1791.28
A95: CHÂTEAU D'EAU | B95: 31/03048628 | C95: 30811895 | D95: 533.8
A96: CHÂTEAU D'EAU | B96: 31/03070297 | C96: 30811881 | D96: 442
A97: CHÂTEAU D'EAU | B97: 31/03072393 | C97: 30811895 | D97: 533.8
... A216: CHÂTEAU D'EAU | B216: 66/00245757 | C216: 31169424 | D216: 500.2
A217: CHRONOPOST | B217: 7309423 | C217: 30718326 | D217: 2727.3
A218: CHRONOPOST | B218: 7343413 | C218: 30811902 | D218: 2634.55
A219: CHRONOPOST | B219: 7377489 | C219: 30811902 | D219: 2050.01
A220: CHRONOPOST | B220: 7411359 | C220: 30811902 | D220: 1795.33
A221: CHRONOPOST | B221: 7444564 | C221: 30811902 | D221: 2471.66
A222: CHRONOPOST | B222: 7478532 | C222: 30811902 | D222: 2387.88
A223: CHRONOPOST | B223: 7511985 | C223: 30811902 | D223: 2625.16
A224: CHRONOPOST | B224: 7542711 | C224: 30811902 | D224: 1948.13
A225: CHRONOPOST | B225: 7576379 | C225: 30811902 | D225: 2479.61
A226: CHRONOPOST | B226: 7610672 | C226: 30811902 | D226: 2842.25
A227: CHRONOPOST | B227: 7644027 | C227: 30811902 | D227: 2094.84
A228: CHRONOPOST | B228: 7678195 | C228: 30811902 | D228: 2285.23
... A290: CHUBB | B290: 16370961 | C290: 31022244 | D290: 10815.85
A291: CHUBB | B291: 17134073 N° facture changé 17210376 | C291: 31102942 | D291: 19591.44
A292: CHUBB | B292: 17141251 N° facture changé 17210128 | C292: 31106056 | D292: 10815.85
A293: CHUBB | B293: 17355335 | C293: 31102942 | D293: 19591.44
A294: CHUBB | B294: 17355336 | C294: 31106056 | D294: 10815.85
A295: CHUBB | B295: 18133963 | C295: 31144388 | D295: 10815.85
A296: CHUBB | B296: 18133962 | C296: 31158385 | D296: 19591.44
A297: CITY ONE | B297: F175-1401037 | C297: 696795 | D297: 31598.58
A298: CITY ONE | B298: F175-1402202 | C298: 696795 | D298: 31598.58
A299: CITY ONE | B299: F175-1403205 | C299: 696795 | D299: 31598.58
A300: CITY ONE | B300: F175-1404293 | C300: 696795 | D300: 32289.11
A301: CITY ONE | B301: F175-1405280 | C301: 696795 | D301: 32289.11
A302: CITY ONE | B302: F175-1406189 | C302: 696795 | D302: 32289.11
A303: CITY ONE | B303: F175-1407199 | C303: 696795 | D303: 32289.11
A304: CITY ONE | B304: F175-1408180 | C304: 696795 | D304: 32289.11
A305: CITY ONE | B305: F175-1409210 | C305: 696795 | D305: 32289.11
A306: CITY ONE | B306: F175-1410170 | C306: 696795 | D306: 32289.11
A307: CITY ONE | B307: F175-1410262 | C307: 998613 | D307: 4589
A308: CITY ONE | B308: F175-1411009 | C308: 998613 | D308: 4589
... A352: CITY ONE | B352: F175-1703175 | C352: 696795 | D352: 28322.98
A353: CLASS CARD | B353: 20140217 | C353: 888063 | D353: 1700
A354: CLASS CARD | B354: 20140729 | C354: 888063 | D354: 2325
A355: CLASS CARD | B355: FA141007 | C355: 888063 | D355: 2755
A356: CLASS CARD | B356: FA141008 | C356: 888063 | D356: 8585
A357: CLASS CARD | B357: 20150426 | C357: 1008247 | D357: 2580
A358: CLASS CARD | B358: 20150427 | C358: 1008247 | D358: 9400
...
